 Dungeon Crawl Stone Soup version 0.30-a0-279-g4b46babb21 (webtiles) character file.

Game seed: 13242065968388881081

132 lunkers the Gusty (level 5, -6/38 HPs)
             Began as a Meteoran Air Elementalist on Oct 16, 2022.
             Mangled by an orc
             ... wielding a +0 morningstar
              (9 damage)
             ... on level 4 of the Dungeon.
             The game lasted 00:06:03 (1408 turns).

lunkers the Gusty (Meteoran Air Elementalist)       Turns: 1408, Time: 00:06:03

Health: -6/38      AC:  4    Str:  9    XL:     5   Next: 66%
Magic:  7/12       EV: 12    Int: 18    God:
Gold:   135        SH:  4    Dex: 21    Spells: 5/12 levels left

rFire   + . .      SeeInvis .    j - +0 long sword (spect)
rCold   . . .      Faith    .    h - +0 buckler
rNeg    . . .      Spirit   .    a - +0 robe
rPois   .          Reflect  .    l - +0 helmet
rElec   .          Harm     .    n - +0 cloak
rCorr   .          Rampage  .    (no gloves)
Will    .....                    (no boots)
Stlth   +.........               f - amulet of the acrobat
HPRegen 0.26/turn                o - +6 ring of dexterity
MPRegen 0.13/turn                m - ring of protection from fire

@: very slightly contaminated, glowing
A: sense surroundings 1, otherworldly, glowing, explore regen
a: no special abilities


You were on level 4 of the Dungeon.
You visited 1 branch of the dungeon, and saw 4 of its levels.

You collected 135 gold pieces.

Inventory:

Hand Weapons
 j - a +0 spectral long sword (weapon)
Missiles
 i - 5 atropa-tipped darts
Armour
 a - a +0 robe (worn)
 h - a +0 buckler (worn)
 l - a +0 helmet (worn)
 n - a +0 cloak (worn)
Jewellery
 f - an amulet of the acrobat (around neck)
 m - a ring of protection from fire (right hand)
 o - a +6 ring of dexterity (left hand)
Scrolls
 d - 2 scrolls of noise {unknown}
 e - a scroll of immolation
 p - a scroll of blinking {unknown}
Potions
 b - a potion of magic
 c - a potion of ambrosia {unknown}
 g - 2 potions of heal wounds
 k - 2 potions of curing
 q - a potion of lignification {unknown}


   Skills:
 - Level 2.4 Dodging
 - Level 1.4 Stealth
 + Level 4.1 Spellcasting
 - Level 1.2 Conjurations
 * Level 6.0 Air Magic


You had 5 spell levels left.
You knew the following spells:

 Your Spells              Type           Power      Damage    Failure   Level
a - Shock                 Conj/Air       64%        1d7       4%          1
b - Static Discharge      Conj/Air       32%        2-4/arc   7%          2
c - Airstrike             Air            12%        2d(2-18)  16%         4

Your spell library contained the following spells:

 Spells                   Type           Power      Damage    Failure   Level
 Swiftness                Air            25%        N/A       4%          3
 Freeze                   Ice            12%        1d3       21%         1
 Hailstorm                Conj/Ice       5%         3d4       43%         3
 Call Canine Familiar     Summ           3%         N/A       52%         3
 Frozen Ramparts          Ice            6%         1d1       52%         3
 Portal Projectile        Hex/Tloc       6%         N/A       52%         3
 Leda's Liquefaction      Hex/Erth       1%         N/A       89%         4


Dungeon Overview and Level Annotations

Branches:
Dungeon (4/15) Zot: 977
 Temple: D:4-7

Altars:


Innate Abilities, Weirdness & Mutations

You passively map a small area around you.
You are easily found by Zot.
You glow in the dark.
You regain HP and MP as you explore.


Message History

A hound comes into view.
The hound barks!
Casting: Static Discharge (safe; 7% risk of failure)
Confirm with . or Enter, or press ? or * to list all spells.
The orc is struck by an arc of lightning.
The orc is almost dead.
You are struck by an arc of lightning.
The lightning grounds out.
The orc hits you with a +0 morningstar!
You closely miss the orc.
The orc is almost dead.
Your +0 spectral long sword misses the orc.
The orc hits you with a +0 morningstar.
* * * LOW HITPOINT WARNING * * *
Casting: Static Discharge (safe; 7% risk of failure)
Confirm with . or Enter, or press ? or * to list all spells.
Really attack your +0 spectral long sword? [Y]es or [N]o only, please.
Really attack your +0 spectral long sword? [Y]es or [N]o only, please.
Really attack your +0 spectral long sword?
Okay, then.
You closely miss the hound.
Your +0 spectral long sword hits the hound!
The hound bites you.
* * * LOW HITPOINT WARNING * * *
You block the orc's attack. You block the hound's attack.
The orc hits you with a +0 morningstar!
* * * LOW HITPOINT WARNING * * *
Casting: Static Discharge (safe; 7% risk of failure)
Confirm with . or Enter, or press ? or * to list all spells.
The spell is quite dangerous to miscast (16% risk of failure)!
Continue anyway?
Aiming: Airstrike (quite dangerous; 16% risk of failure)
Press: ? - help, Dir - move target, f - orc
Aim: an orc, wielding a +0 morningstar and wearing a +0 leather armour (almost dead, empty space bonus: 3/8)
You miscast Airstrike.
You are very lightly contaminated with residual magic.
You are caught in an explosion of electrical discharges!
* * * LOW HITPOINT WARNING * * *
The hound bites you but does no damage. The orc hits you with a +0 morningstar!
You die...

.........###.#... ,,,
...............# , ....
##.............# ....
##...........## *$....
###........## #..... *
##).<....# #.....# * *
#........####....... **
* *...............§o..#
* #.........##....@h###
, ,
#.................#* ,
.....................$.
...##.............##...
.#. #.............# *##
, ##.....#..###
########.# * , , #.. *
, , ... ,


You could see a hound and an orc.

Vanquished Creatures
  An orc priest (D:3)
  4 adders
  A worm (D:2)
  3 dart slugs
  3 orcs
  5 endoplasms
  6 goblins
  4 hobgoblins
  3 quokkas
  4 ball pythons
  6 bats
  2 frilled lizards
  4 kobolds (D:3)
  12 rats
58 creatures vanquished.

Notes
Turn   | Place    | Note
-------+----------+-------------------------------------------
     0 | D:1      | lunkers the Meteoran Air Elementalist began the quest for
                  | the Orb.
     0 | D:1      | Reached XP level 1. HP: 14/14 MP: 5/5
   189 | D:1      | Reached XP level 2. HP: 20/20 MP: 0/6
   309 | D:1      | Reached skill level 4 in Air Magic
   377 | D:1      | Learned a level 2 spell: Static Discharge
   501 | D:1      | Reached XP level 3. HP: 26/26 MP: 3/8
   869 | D:2      | Reached XP level 4. HP: 24/33 MP: 0/10
   925 | D:2      | Reached skill level 5 in Air Magic
  1059 | D:3      | Learned a level 4 spell: Airstrike
  1089 | D:3      | Reached XP level 5. HP: 18/38 MP: 2/11
  1304 | D:3      | Reached skill level 6 in Air Magic
  1388 | D:4      | Identified the +1 leather armour of Hedonism {Harm Fly rF+
                  | Str-2}
  1408 | D:4      | Mangled by an orc

Illustrated notes

Levels and vault maps discovered:
D:1:      dpeg_arrival_renting, layout_basic, serial_shops, shop,
          minmay_box_of_dots
D:2:      layout_loops_ring, grunt_decor_clamped, minmay_rat_gold_closets
D:3:      layout_rooms
D:4:      layout_cave_pools, mainiacjoe_overflow_alcove_4,
          nicolae_qazlal_style_of_elements, minitemple,
          minmay_misc_feat_pillars, minmay_increasing_density, uniq_eustachio

Skill      XL: |  1  2  3  4  5 |
---------------+----------------+-----
Air Magic      | 4 5 6 |  6.0
Spellcasting   | 3 4 |  4.1
Dodging        | |  2.4
Stealth        | |  1.4
Conjurations   | |  1.2

Action                   |  1- 3 |  4- 6 || total
-------------------------+-------+-------++-------
Melee: Unarmed           |     1 |       ||     1
       Long sword        |       |    30 ||    30
 Cast: Shock             |    58 |     7 ||    65
       Static Discharge  |     5 |    26 ||    31
  Use: Scroll            |       |     8 ||     8
Armor: Robe              |     5 |    18 ||    23
Dodge: Dodged            |     9 |    29 ||    38
Block: Buckler           |     1 |    12 ||    13

Table legend: (Time is in decaauts)
 A = Elapsed time spent in this place.
 B = Non-inter-level travel time spent in this place.
 C = Inter-level travel time spent in this place.
 D = Time resting spent in this place.
 E = Time spent auto-exploring this place.
 F = Levels seen in this place.
 G = Mean time per level.
                   A        B        C        D        E       F      G
               +--------+--------+--------+--------+--------+-----+--------+
         Total |   1421 |   1328 |     93 |      0 |    663 |   4 |  355.2 |
       Dungeon |   1421 |   1328 |     93 |      0 |    663 |   4 |  355.2 |
               +--------+--------+--------+--------+--------+-----+--------+

Top non-repeatable levels by time:
     D:2: 565 daAuts
     D:1: 520 daAuts
     D:3: 296 daAuts
     D:4: 38 daAuts
